 Dungeon Crawl Stone Soup version 0.20.0 (webtiles) character file.

76 Danakh the Slasher (level 4, -1/27 HPs)
             Began as a Tengu Warper on May 31, 2017.
             Slain by Robin
             ... wielding a +0 short sword
              (3 damage)
             ... on level 2 of the Dungeon.
             The game lasted 00:04:41 (1576 turns).

Danakh the Slasher (Tengu Warper)                   Turns: 1576, Time: 00:04:41

Health: -1/27      AC:  3    Str: 11    XL:     4   Next: 32%
Magic:  4/8        EV: 13    Int: 13    God:
Gold:   136        SH:  0    Dex: 15    Spells: 3/7 levels left

rFire    . . .     SeeInvis .   t - +0 dagger (elec)
rCold    . . .     Gourm    .   (no shield)
rNeg     . . .     Faith    .   b - +0 leather armour
rPois    .         Spirit   .   (helmet restricted)
rElec    .         Reflect  .   (no cloak)
rCorr    .         Harm     .   (no gloves)
MR       .....                  (boots unavailable)
Stlth    +.........             (no amulet)
Regen    0.1/turn               (no ring)
MPRegen  0.2/turn               (no ring)

@: lethally poisoned (-1 -> -7), very slightly contaminated
A: beak, talons 3
a: no special abilities


You were on level 2 of the Dungeon.
You were not hungry.

You visited 1 branch of the dungeon, and saw 2 of its levels.

You collected 136 gold pieces.

Inventory:

Hand Weapons
 a - a +0 falchion
 t - a +0 dagger of electrocution (weapon)
Missiles
 e - 5 tomahawks of dispersal (quivered)
Armour
 b - a +0 leather armour (worn)
Scrolls
 d - a scroll of blinking
 h - a scroll of enchant weapon {unknown}
 i - a scroll of remove curse {unknown}
 j - a scroll of fear {unknown}
 l - a scroll of fog {unknown}
Potions
 k - a potion of degeneration {unknown}
 m - a potion of mutation {unknown}
 n - 2 potions of lignification {unknown}
 o - a potion of curing {unknown}
 q - 2 potions of heal wounds {unknown}
Books
 c - a book of Spatial Translocations

   Spells                             Type                      Level
   a - Blink                          Translocation                2
   b - Shroud of Golubria             Charms/Translocation         2
   c - Lesser Beckoning               Translocation                3
   d - Gell's Gravitas                Translocation                3
   e - Teleport Other                 Translocation                3
   f - Passage of Golubria            Translocation                4
Comestibles
 f - a bread ration
 g - 2 royal jellies
 p - 3 meat rations
 r - 4 chunks of flesh
 s - 4 fruits


   Skills:
 + Level 2.5 Fighting
 * Level 3.5 Long Blades
 - Level 1.0 Throwing
 + Level 1.9 Armour
 + Level 3.0 Dodging
 - Level 2.0 Spellcasting
 - Level 2.4 Translocations


You had 3 spell levels left.
You knew the following spells:

 Your Spells              Type           Power        Failure   Level  Hunger
b - Blink                 Tloc           N/A          19%         2    ###....
e - Shroud of Golubria    Chrm/Tloc      #.........   30%         2    ###....


Dungeon Overview and Level Annotations

Branches:
Dungeon (2/15)

Altars:
Makhleb
Okawaru
Vehumet

Annotations:
D:2 2 transporters, Robin


Innate Abilities, Weirdness & Mutations

You have a beak for a mouth.
You have claws for feet.


Message History

You feel sick. Robin throws the goblin at you!
* * * LOW HITPOINT WARNING * * *
The goblin barely misses you. The hobgoblin hits you with a club.
* * * LOW HITPOINT WARNING * * *
Cast which spell? (? or * to list)
You blink.
The goblin unwields an uncursed hunting sling.
The goblin wields an uncursed dagger of venom.
It begins to drip with poison!
The goblin hits you but does no damage. The hobgoblin closely misses you.
Casting: Blink
Confirm with . or Enter, or press ? or * to list all spells.
You miscast Blink.
You are very lightly contaminated with residual magic.
You feel a wrenching sensation.
* * * LOW HITPOINT WARNING * * *
You feel sick.
The goblin no longer looks unusually strong.
Robin hits you with a short sword.
You die...

...#.# #.##.......##....
<##....
#÷#8$....$.8#..). ##
.... ##.#_(.......#.#..
.....
##).#.$.......#...#
.....
#..g#_Z.......#©..# ###
##..g#55.......#..##
#.g#.#hS.......#.##
#.ggg#8.......8#.#
#.g@.##...©...##.#
......g)....#########..#
......................##
................######
...####.........# ..
#.........# .
#......%..# ###########


You could see Robin, 2 crimson imps, an adder, a jackal, 3 hobgoblins, 4 goblins
and a ball python skeleton.

Vanquished Creatures
  2 adders (D:2)
  A worm (D:2)
  2 dart slugs (D:1)
  3 leopard geckos
  2 giant cockroaches (D:1)
  7 goblins
  6 hobgoblins
  A ball python (D:1)
  4 bats
  4 frilled lizards
  6 kobolds
  10 rats
48 creatures vanquished.

Notes
Turn   | Place    | Note
-------+----------+-------------------------------------------
     0 | D:1      | Danakh the Tengu Warper began the quest for the Orb.
     0 | D:1      | Reached XP level 1. HP: 12/12 MP: 4/4
    94 | D:1      | Reached XP level 2. HP: 8/17 MP: 6/6
   756 | D:1      | Reached XP level 3. HP: 22/22 MP: 7/7
   760 | D:1      | Learned a level 2 spell: Blink
   763 | D:1      | Learned a level 2 spell: Shroud of Golubria
  1243 | D:2      | Found an iron altar of Okawaru.
  1245 | D:2      | Found a radiant altar of Vehumet.
  1365 | D:2      | Reached XP level 4. HP: 11/27 MP: 8/8
  1495 | D:2      | Found a burning altar of Makhleb.
  1562 | D:2      | Noticed Robin
  1576 | D:2      | Slain by Robin

Skill      XL: |  1  2  3  4 |
---------------+-------------+-----
Long Blades    | 3 |  3.5
Dodging        | 3 |  3.0
Fighting       | |  2.5
Throwing       | |  1.0
Armour         | |  1.9
Spellcasting   | |  2.0
Translocations | |  2.4

Action                   |  1- 3 |  4- 6 || total
-------------------------+-------+-------++-------
Melee: Falchion          |    84 |     9 ||    93
       Kick              |    21 |     3 ||    24
       Peck              |     7 |     5 ||    12
       Dagger            |       |     8 ||     8
 Cast: Blink             |       |     1 ||     1
  Eat: Chunk             |     1 |     1 ||     2
Armor: Leather armour    |    17 |     2 ||    19
Dodge: Dodged            |    56 |    10 ||    66
       Rpst.: Falchion   |    18 |     1 ||    19
